GULF
SARASOTA EAGLES @ BRADENTON SOX
07/20/1982
 
TOP OF THE 1ST
Sarasota Eagles batting - Pitching for Bradenton Sox : RHP Hector Gutierrez
Pitching: RHP Hector Gutierrez
Batting: SHB Todd Mabe 0-0: Ball
1-0: Foul Ball, location: 2F
1-1: Foul Ball, location: 2F
1-2: Ground out 6-3 (Groundball, 6, EV 80.0 MPH)
Batting: RHB Gary Appino 0-0: Ball
1-0: Called Strike
1-1: Fly out, F8 (Line Drive, 8RD, EV 92.5 MPH)
Batting: RHB Thomas Brassil 0-0: Ball
1-0: Called Strike
1-1: Ball
2-1: Ball
3-1: Foul Ball, location: 2F
3-2: Ground out 4-3 (Groundball, 4, EV 84.4 MPH)
Top of the 1st over - 0 runs, 0 hits, 0 errors, 0 left on base; Sarasota 0 - Bradenton 0
BOTTOM OF THE 1ST
Bradenton Sox batting - Pitching for Sarasota Eagles : RHP Mark Bauer
Pitching: RHP Mark Bauer
Batting: RHB Dave Coss 0-0: Ball
1-0: Called Strike
1-1: Ground out 6-3 (Groundball, 6, EV 85.0 MPH)
Batting: RHB Rene Gonzales 0-0: Ground out U3 (Groundball, 3, EV 83.8 MPH)
Batting: RHB Dennis Tiefenthaler 0-0: Foul Ball, location: 2F
0-1: Foul Ball, location: 2F
0-2: Ball
1-2: Ball
2-2: Ground out 6-3 (Groundball, 6, EV 84.4 MPH)
Bottom of the 1st over - 0 runs, 0 hits, 0 errors, 0 left on base; Sarasota 0 - Bradenton 0
TOP OF THE 2ND
Sarasota Eagles batting - Pitching for Bradenton Sox : RHP Hector Gutierrez
Batting: SHB Ramon Sambo 0-0: Swinging Strike
0-1: Ground out 4-3 (Groundball, 4, EV 80.6 MPH)
Batting: LHB Dave Martinez 0-0: Ball
1-0: Ball
2-0: Foul Ball, location: 2F
2-1: Ball
3-1: Base on Balls
Batting: LHB John Metasavage 0-0: Called Strike
0-1: Ball
1-1: Ball
2-1: Fly out, F9 (Line Drive, 9, EV 93.1 MPH)
Batting: RHB Matt Stark 0-0: Ball
1-0: Called Strike
1-1: Called Strike
1-2: Strikes out swinging
Top of the 2nd over - 0 runs, 0 hits, 0 errors, 1 left on base; Sarasota 0 - Bradenton 0
BOTTOM OF THE 2ND
Bradenton Sox batting - Pitching for Sarasota Eagles : RHP Mark Bauer
Batting: RHB Dave Hoeksema 0-0: Ground out 6-3 (Groundball, 6S, EV 90.0 MPH)
Batting: SHB Thomas Colburn 0-0: Called Strike
0-1: Foul Ball, location: 2F
0-2: Fly out, F7 (Flyball, 7, EV 83.1 MPH)
Batting: RHB Jerry Nalley 0-0: Ball
1-0: Fly out, F8 (Flyball, 78D, EV 86.3 MPH)
Bottom of the 2nd over - 0 runs, 0 hits, 0 errors, 0 left on base; Sarasota 0 - Bradenton 0
TOP OF THE 3RD
Sarasota Eagles batting - Pitching for Bradenton Sox : RHP Hector Gutierrez
Batting: LHB Jesus Mercado 0-0: Ball
1-0: Ball
2-0: Ball
3-0: Foul Ball, location: 2F
3-1: Base on Balls
Batting: RHB Jose Estrada 0-0: Ball
1-0: Called Strike
1-1: Ground out 4-3 (Groundball, 13, EV 91.9 MPH)
Jesus Mercado to second
Batting: SHB Todd Mabe 0-0: Foul Ball, location: 2F
0-1: Foul Ball, location: 2F
0-2: Foul Ball, location: 2F
0-2: Ball
1-2: Ball
2-2: Strikes out looking
Batting: RHB Gary Appino 0-0: Foul Ball, location: 2F
0-1: Ball
1-1: Ball
2-1: SINGLE (Groundball, 6MS, EV 80.6 MPH) (infield hit)
Jesus Mercado to third
Batting: RHB Thomas Brassil 0-0: Ball
1-0: Ball
2-0: Ball
3-0: Called Strike
3-1: Swinging Strike
3-2: Base on Balls
Gary Appino to second
Batting: SHB Ramon Sambo 0-0: Ball
1-0: Swinging Strike
1-1: Foul Ball, location: 2F
1-2: Strikes out swinging
Top of the 3rd over - 0 runs, 1 hit, 0 errors, 3 left on base; Sarasota 0 - Bradenton 0
BOTTOM OF THE 3RD
Bradenton Sox batting - Pitching for Sarasota Eagles : RHP Mark Bauer
Batting: RHB William Murray 0-0: Ball
1-0: Foul Ball, location: 2F
1-1: Ball
2-1: Ground out 6-3 (Groundball, 6, EV 93.8 MPH)
Batting: RHB Dennis Keating 0-0: Ball
1-0: Swinging Strike
1-1: Swinging Strike
1-2: Strikes out swinging
Batting: RHB Robert Parr 0-0: Called Strike
0-1: Ball
1-1: Foul Ball, location: 2F
1-2: Fly out, F2 (Popup, 23F, EV 87.5 MPH)
Bottom of the 3rd over - 0 runs, 0 hits, 0 errors, 0 left on base; Sarasota 0 - Bradenton 0
TOP OF THE 4TH
Sarasota Eagles batting - Pitching for Bradenton Sox : RHP Hector Gutierrez
Batting: LHB Dave Martinez 0-0: Ground out U3 (Groundball, 34, EV 99.4 MPH)
Batting: LHB John Metasavage 0-0: Called Strike
0-1: Foul Ball, location: 2F
0-2: Ball
1-2: Ball
2-2: Foul Ball, location: 2F
2-2: Strikes out looking
Batting: RHB Matt Stark 0-0: Swinging Strike
0-1: Ball
1-1: Ball
2-1: Ball
3-1: Foul Ball, location: 2F
3-2: Strikes out looking
Top of the 4th over - 0 runs, 0 hits, 0 errors, 0 left on base; Sarasota 0 - Bradenton 0
BOTTOM OF THE 4TH
Bradenton Sox batting - Pitching for Sarasota Eagles : RHP Mark Bauer
Batting: RHB Dave Coss 0-0: Called Strike
0-1: Ball
1-1: Ball
2-1: Ball
3-1: Foul Ball, location: 2F
3-2: Base on Balls
Batting: RHB Rene Gonzales 0-0: Ball
Dave Coss is caught stealing 2nd base 2-4
1-0: Ball
2-0: Ground out 5-3 (Groundball, 56S, EV 81.3 MPH)
Batting: RHB Dennis Tiefenthaler 0-0: Fly out, F2 (Popup, 2LF, EV 92.5 MPH)
Bottom of the 4th over - 0 runs, 0 hits, 0 errors, 0 left on base; Sarasota 0 - Bradenton 0
TOP OF THE 5TH
Sarasota Eagles batting - Pitching for Bradenton Sox : RHP Hector Gutierrez
Batting: LHB Jesus Mercado 0-0: Ball
1-0: DOUBLE (Flyball, 8RD, EV 86.9 MPH)
Batting: RHB Jose Estrada 0-0: Fly out, F7 (Flyball, 7, EV 91.3 MPH)
Batting: SHB Todd Mabe 0-0: Foul Ball, location: 2F
0-1: Ball
Jesus Mercado steals 3rd base
1-1: Called Strike
1-2: Fly out, F6 (Popup, 6, EV 65.6 MPH)
Batting: RHB Gary Appino 0-0: Foul Ball, location: 2F
0-1: Swinging Strike
0-2: Strikes out swinging
Top of the 5th over - 0 runs, 1 hit, 0 errors, 1 left on base; Sarasota 0 - Bradenton 0
BOTTOM OF THE 5TH
Bradenton Sox batting - Pitching for Sarasota Eagles : RHP Mark Bauer
Batting: RHB Dave Hoeksema 0-0: Ball
1-0: Called Strike
1-1: Called Strike
1-2: Ball
2-2: Ball
3-2: Foul Ball, location: 2F
3-2: Strikes out swinging
Batting: SHB Thomas Colburn 0-0: Ball
1-0: Swinging Strike
1-1: Foul Ball, location: 2F
1-2: Foul Ball, location: 2F
1-2: Strikes out swinging
Batting: RHB Jerry Nalley 0-0: Ball
1-0: Ball
2-0: Fly out, F9 (Flyball, 89M, EV 82.5 MPH)
Bottom of the 5th over - 0 runs, 0 hits, 0 errors, 0 left on base; Sarasota 0 - Bradenton 0
TOP OF THE 6TH
Sarasota Eagles batting - Pitching for Bradenton Sox : RHP Hector Gutierrez
Batting: RHB Thomas Brassil 0-0: Swinging Strike
0-1: Ground out 6-3 (Groundball, 56, EV 105.0 MPH)
Batting: SHB Ramon Sambo 0-0: Ball
1-0: Ball
2-0: Foul Ball, location: 2F
2-1: Foul Ball, location: 2F
2-2: Foul Ball, location: 2F
2-2: Ball
3-2: SINGLE (Flyball, 6MD, EV 90.6 MPH)
Batting: LHB Dave Martinez 0-0: Ball
1-0: Ball
Ramon Sambo steals 2nd base
2-0: Foul Ball, location: 2F
2-1: Foul Ball, location: 2F
2-2: Ball
3-2: Foul Ball, location: 2F
3-2: Foul Ball, location: 2F
3-2: Fly out, F8 (Line Drive, 8RD, EV 95.0 MPH)
Batting: LHB John Metasavage 0-0: SINGLE (Flyball, 6D, EV 89.4 MPH)
Ramon Sambo to third
Runner from 3rd tries for Home, SAFE, throw by LF to home
Batting: RHB Matt Stark 0-0: Fly out, F7 (Flyball, 7LM, EV 81.9 MPH)
Top of the 6th over - 1 run, 2 hits, 0 errors, 1 left on base; Sarasota 1 - Bradenton 0
BOTTOM OF THE 6TH
Bradenton Sox batting - Pitching for Sarasota Eagles : RHP Mark Bauer
Batting: RHB William Murray 0-0: Foul Ball, location: 2F
0-1: Swinging Strike
0-2: Ball
1-2: Fly out, F7 (Flyball, 78S, EV 88.8 MPH)
Batting: RHB Dennis Keating 0-0: Called Strike
0-1: Called Strike
0-2: Ball
1-2: Strikes out swinging
Batting: RHB Robert Parr 0-0: Ball
1-0: Called Strike
1-1: Ball
2-1: Called Strike
2-2: Ground out 6-3 (Groundball, 6, EV 88.8 MPH)
Bottom of the 6th over - 0 runs, 0 hits, 0 errors, 0 left on base; Sarasota 1 - Bradenton 0
TOP OF THE 7TH
Sarasota Eagles batting - Pitching for Bradenton Sox : RHP Hector Gutierrez
Batting: LHB Jesus Mercado 0-0: Ground out 4-3 (Groundball, 4, EV 111.9 MPH)
Batting: RHB Jose Estrada 0-0: Ball
1-0: Called Strike
1-1: Swinging Strike
1-2: Ball
2-2: Ball
3-2: Base on Balls
Batting: SHB Todd Mabe 0-0: Reached on error, E6 (Groundball, 6S, EV 65.6 MPH)
Jose Estrada to second
Batting: RHB Gary Appino 0-0: Ball
Jose Estrada is caught stealing 3rd base 2-5
1-0: Called Strike
1-1: Ball
2-1: Ball
3-1: Fly out, F9 (Flyball, 9D, EV 90.6 MPH)
Top of the 7th over - 0 runs, 0 hits, 1 error, 1 left on base; Sarasota 1 - Bradenton 0
BOTTOM OF THE 7TH
Bradenton Sox batting - Pitching for Sarasota Eagles : RHP Mark Bauer
Batting: RHB Dave Coss 0-0: Ball
1-0: Called Strike
1-1: Fly out, F9 (Flyball, 9, EV 91.9 MPH)
Batting: RHB Rene Gonzales 0-0: Ground out 5-3 (Groundball, 56, EV 86.9 MPH)
Batting: RHB Dennis Tiefenthaler 0-0: Swinging Strike
0-1: Ball
1-1: Foul Ball, location: 2F
1-2: Ball
2-2: Strikes out swinging
Bottom of the 7th over - 0 runs, 0 hits, 0 errors, 0 left on base; Sarasota 1 - Bradenton 0
TOP OF THE 8TH
Sarasota Eagles batting - Pitching for Bradenton Sox : RHP Hector Gutierrez
Batting: RHB Thomas Brassil 0-0: Called Strike
0-1: SINGLE (Groundball, 34D, EV 98.1 MPH)
Batting: SHB Ramon Sambo 0-0: Ball
1-0: Ball
2-0: Fielders Choice at 2nd, 1-6 (Groundball, 34S, EV 75.0 MPH)
Batting: LHB Dave Martinez 0-0: Ball
Ramon Sambo steals 2nd base
1-0: Foul Ball, location: 2F
1-1: Ball
2-1: Ball
3-1: Called Strike
3-2: Strikes out swinging
Batting: LHB John Metasavage 0-0: Ball
Balk!
Ramon Sambo to third
1-0: Foul Ball, location: 2F
1-1: Ball
2-1: Ball
3-1: Base on Balls
Batting: RHB Matt Stark 0-0: Ball
1-0: Ball
2-0: Foul Ball, location: 2F
2-1: SINGLE (Groundball, 4MD, EV 105.0 MPH)
Ramon Sambo scores
John Metasavage to second
Runner from 2nd tries for 3rd, SAFE, no throw by CF
Pitching: RHP Ronald Nero
Batting: LHB Jesus Mercado 0-0: Ball
1-0: Ball
2-0: Called Strike
2-1: Fly out, F7 (Line Drive, 7, EV 90.6 MPH)
Top of the 8th over - 1 run, 2 hits, 0 errors, 2 left on base; Sarasota 2 - Bradenton 0
BOTTOM OF THE 8TH
Bradenton Sox batting - Pitching for Sarasota Eagles : RHP Mark Bauer
Batting: RHB Dave Hoeksema 0-0: Ball
1-0: Foul Ball, location: 2F
1-1: Ball
2-1: Ball
3-1: Foul Ball, location: 2F
3-2: Strikes out swinging
Batting: SHB Thomas Colburn 0-0: Ball
1-0: Called Strike
1-1: Foul Ball, location: 2F
1-2: Ball
2-2: Fly out, F9 (Flyball, 9D, EV 107.5 MPH)
Batting: RHB Jerry Nalley 0-0: Fly out, F9 (Flyball, 9D, EV 105.6 MPH)
Bottom of the 8th over - 0 runs, 0 hits, 0 errors, 0 left on base; Sarasota 2 - Bradenton 0
TOP OF THE 9TH
Sarasota Eagles batting - Pitching for Bradenton Sox : RHP Ronald Nero
Batting: RHB Jose Estrada 0-0: Swinging Strike
0-1: Ball
1-1: Reached on error, E5 (Groundball, 56S, EV 86.9 MPH)
Batting: SHB Todd Mabe 0-0: Swinging Strike
0-1: Ball
1-1: Foul Ball, location: 2F
1-2: DOUBLE (Line Drive, 89M, EV 106.9 MPH)
Jose Estrada scores
Batting: RHB Gary Appino 0-0: Called Strike
0-1: Swinging Strike
0-2: Ball
1-2: Foul Ball, location: 2F
1-2: Fly out, F8 (Flyball, 8LD, EV 94.4 MPH)
Batting: RHB Thomas Brassil 0-0: Fly out, F7 (Flyball, 7, EV 81.9 MPH)
Batting: SHB Ramon Sambo 0-0: Ball
1-0: Reached on error, E2 (Groundball, 2R, EV 67.5 MPH)
Todd Mabe to third
Batting: LHB Dave Martinez 0-0: Swinging Strike
0-1: Ball
1-1: Foul Ball, location: 2F
1-2: DOUBLE (Groundball, 3L, EV 106.3 MPH)
Todd Mabe scores
Ramon Sambo to third
Batting: LHB John Metasavage 0-0: Called Strike
0-1: Foul Ball, location: 2F
0-2: Ball
1-2: Ball
2-2: Ball
3-2: Foul Ball, location: 2F
3-2: SINGLE (Groundball, 6D, EV 97.5 MPH)
Ramon Sambo scores
Dave Martinez to third
Dave Martinez scores
Pitching: RHP Gregory Pope
Batting: RHB Matt Stark 0-0: Ball
1-0: Ball
2-0: Ball
3-0: Base on Balls
John Metasavage to second
Batting: LHB Jesus Mercado 0-0: Called Strike
0-1: Ball
1-1: Ball
2-1: Swinging Strike
2-2: Foul Ball, location: 2F
2-2: 3-RUN HOME RUN (Flyball, 89XD, EV 90.6 MPH), Distance : 407 ft
Batting: RHB Jose Estrada 0-0: Ball
1-0: Called Strike
1-1: Foul Ball, location: 2F
1-2: Foul Ball, location: 2F
1-2: Ball
2-2: Foul Ball, location: 2F
2-2: SINGLE (Groundball, 56S, EV 68.8 MPH) (infield hit)
Batting: SHB Todd Mabe 0-0: Ball
1-0: Called Strike
1-1: Ball
2-1: Ball
3-1: Foul Ball, location: 2F
3-2: SINGLE (Line Drive, 3L, EV 98.1 MPH)
Jose Estrada to second
Jose Estrada to third
Batting: RHB Gary Appino 0-0: Ball
1-0: Ball
2-0: Ball
3-0: Called Strike
3-1: Base on Balls
Todd Mabe to second
Batting: RHB Thomas Brassil 0-0: Swinging Strike
0-1: Ball
1-1: SINGLE (Groundball, 6MD, EV 94.4 MPH)
Jose Estrada scores
Todd Mabe to third
Gary Appino to second
Runner from 3rd tries for Home, SAFE, throw by CF to home
Pitching: RHP Joe Stefani
Batting: SHB Ramon Sambo 0-0: Foul Ball, location: 2F
0-1: Swinging Strike
0-2: Ball
1-2: Ball
2-2: Strikes out looking
Top of the 9th over - 9 runs, 7 hits, 2 errors, 2 left on base; Sarasota 11 - Bradenton 0
BOTTOM OF THE 9TH
Bradenton Sox batting - Pitching for Sarasota Eagles : RHP Mark Bauer
Pinch Hitting: RHB Leonardo Reynolds 0-0: Ball
1-0: Ball
2-0: Ground out 5-3 (Groundball, 56, EV 82.5 MPH)
Batting: RHB Dennis Keating 0-0: Fly out, F7 (Flyball, 78D, EV 98.1 MPH)
Batting: RHB Robert Parr 0-0: Called Strike
0-1: Ball
1-1: Ball
2-1: Foul Ball, location: 2F
2-2: Ball
3-2: Foul Ball, location: 2F
3-2: Strikes out swinging
Bottom of the 9th over - 0 runs, 0 hits, 0 errors, 0 left on base; Sarasota 11 - Bradenton 0
Monday, August 17th, 2020 - OOTP Baseball 21.5 Build 76